 Dungeon Crawl Stone Soup version 0.29.1-12-g30fa7ad0bf (webtiles) character file.

Game seed: 9928799562282341345

729 LustLizard the Slicer (level 7, -3/52 HPs)
             Began as a Merfolk Gladiator on Jan 17, 2023.
             Slain by a kobold brigand
             ... wielding a +0 club
              (6 damage)
             ... on level 5 of the Dungeon.
             The game lasted 00:07:23 (4969 turns).

LustLizard the Slicer (Merfolk Gladiator)           Turns: 4969, Time: 00:07:23

Health: -3/52      AC: -2    Str: 14    XL:     7   Next: 73%
Magic:  7/7        EV: 13    Int:  8    God:
Gold:   177        SH:  0    Dex: 23    Spells: 6/6 levels left

rFire   . . .      SeeInvis .   a - +0 rapier
rCold   . . .      Faith    .   (no shield)
rNeg    . . .      Spirit   .   g - +0 ring mail
rPois   .          Reflect  .   c - +0 helmet
rElec   .          Harm     .   (no cloak)
rCorr   .          Rampage  .   (no gloves)
Will    .....                   (no boots)
Stlth   ++........              (no amulet)
HPRegen 0.17/turn               q - +6 ring of dexterity
MPRegen 0.10/turn               (no ring)

@: corroded, slowed, very slow
A: (nimble swimmer 2), mertail
a: no special abilities


You were on level 5 of the Dungeon.
You visited 1 branch of the dungeon, and saw 5 of its levels.

You collected 177 gold pieces.

Inventory:

Hand Weapons
 a - a +0 rapier (weapon)
Missiles
 d - 4 throwing nets
 e - a javelin
 n - 31 stones (quivered)
 t - 5 poisoned darts
 y - 2 boomerangs
Armour
 b - a +0 leather armour
 c - a +0 helmet (worn)
 g - a +0 ring mail (worn)
Jewellery
 q - a +6 ring of dexterity (left hand)
Scrolls
 f - a scroll of blinking {unknown}
 j - a scroll of magic mapping {unknown}
 k - 4 scrolls of teleportation
 p - a scroll of vulnerability {unknown}
 u - a scroll of silence {unknown}
 w - a scroll of poison {unknown}
 x - 2 scrolls of summoning
Potions
 h - 2 potions of mutation
 i - a potion of resistance
 m - 3 potions of cancellation
 o - a potion of ambrosia
 r - a potion of degeneration {unknown}
 s - a potion of magic {unknown}
 v - a potion of attraction {unknown}
 z - a potion of might {unknown}
 A - 2 potions of heal wounds {unknown}


   Skills:
 - Level 3.0 Fighting
 * Level 10.0 Short Blades
 - Level 2.0 Throwing
 - Level 4.0 Dodging
 - Level 2.0 Stealth


You had 6 spell levels left.
You didn't know any spells.
Your spell library contained the following spells:

 Spells                   Type           Power      Damage    Failure   Level
 Necrotise                Necr           0%         1d4       65%         1
 Confusing Touch          Hex            0%         N/A       95%         3
 Vampiric Draining        Necr           0%         2d6       95%         3
 Leda's Liquefaction      Hex/Erth       0%         N/A       100%        4
 Agony                    Necr           0%         N/A       100%        5
 Lee's Rapid Deconstruct  Erth           0%         3d5*      100%        5
 Summon Forest            Summ/Tloc      0%         N/A       100%        5
 Yara's Violent Unravell  Hex/Tmut       0%         3d3       100%        5
 Eringya's Noxious Bog    Tmut/Pois      0%         N/A       100%        6
 Statue Form              Tmut/Erth      0%         N/A       100%        6
 Enfeeble                 Hex            0%         N/A       100%        7
 Summon Hydra             Summ           0%         N/A       100%        7


Dungeon Overview and Level Annotations

Branches:
Dungeon (5/15)
 Temple: D:4-7

Altars:
Okawaru
Zin


Innate Abilities, Weirdness & Mutations

((You are very nimble when in or above water. (Stealth+, EV+, Speed+++)))
Your lower body shifts to a powerful aquatic tail in water.


Message History

The kobold brigand throws a curare-tipped dart.
The curare-tipped dart closely misses you.
Your Short Blades skill increases to level 10!
You bump into the rock wall.
You bump into the rock wall.
The kobold brigand hits you with a +0 club.
You puncture the kobold brigand!
The kobold brigand is moderately wounded.
The kobold brigand completely misses you.
You bump into the rock wall.
You feel less invigorated.
You feel less confused. The kobold brigand misses you.
The kobold brigand hits you with a +0 club.
The kobold brigand blocks your attack.
The kobold brigand is moderately wounded.
The kobold brigand barely misses you.
You hit the kobold brigand but do no damage.
The kobold brigand is moderately wounded.
The kobold brigand barely misses you.
You hit the kobold brigand but do no damage.
The kobold brigand is moderately wounded.
The kobold brigand hits you with a +0 club.
The kobold brigand blocks your attack.
The kobold brigand is moderately wounded.
The kobold brigand barely misses you.
You closely miss the kobold brigand.
The kobold brigand is moderately wounded.
The kobold brigand hits you with a +0 club!
You barely miss the kobold brigand.
The kobold brigand is moderately wounded.
The kobold brigand hits you with a +0 club.
* * * LOW HITPOINT WARNING * * *
You hit the kobold brigand but do no damage.
The kobold brigand is moderately wounded.
The kobold brigand hits you with a +0 club!
* * * LOW HITPOINT WARNING * * *
You hit the kobold brigand but do no damage.
The kobold brigand is moderately wounded.
The kobold brigand hits you with a +0 club.
You die...

#.# .# #.#####.#). .. ..
####.......#... K# #.#
).....)........ .....
##............. ?#.#
##..♣♣♣♣♣♣♣..# ...
#..♣♣♣♣♣♣♣..# ##K# #
#.......♣♣..####K###...#
#.......♣♣....@KK.......
#.####..♣♣...###.###...#
##....#..♣♣..## #.# #
#..._.#..♣♣..## #.#
#.....#.......# #.#
#.............# #.#
#...#.#####...# #.#
##.##.# #.#####.##
#.##.# #.........


You could see a kobold brigand and 3 kobolds.

Vanquished Creatures
  A necrophage (D:4)
  2 scorpions (D:4)
  2 jellies
  An iguana (D:4)
  A gnoll (D:1)
  7 adders
  A worm (D:3)
  2 dart slugs
  3 orcs (D:3)
  7 ball pythons
  9 bats
  5 endoplasms
  5 giant cockroaches
  3 goblins
  5 hobgoblins
  11 jackals
  4 quokkas
  5 frilled lizards
  7 kobolds
  5 rats
86 creatures vanquished.

Vanquished Creatures (collateral kills)
  Sigmund (D:5)
  Blork the orc (D:5)
  A scorpion (D:5)
3 creatures vanquished.

Vanquished Creatures (others)
  3 plants (D:1)
3 creatures vanquished.

Grand Total: 92 creatures vanquished

Notes
Turn   | Place    | Note
-------+----------+-------------------------------------------
     0 | D:1      | LustLizard the Merfolk Gladiator began the quest for the
                  | Orb.
     0 | D:1      | Reached XP level 1. HP: 16/16 MP: 1/1
    65 | D:1      | Found a faded altar of an unknown god.
   131 | D:1      | Reached skill level 4 in Short Blades
   131 | D:1      | Reached skill level 1 in Stealth
   131 | D:1      | Reached XP level 2. HP: 12/23 MP: 2/2
   790 | D:1      | Reached XP level 3. HP: 26/28 MP: 3/3
  1785 | D:2      | Reached XP level 4. HP: 34/34 MP: 4/4
  1798 | D:2      | Reached skill level 5 in Short Blades
  2806 | D:3      | Reached XP level 5. HP: 41/41 MP: 5/5
  3031 | D:3      | Reached skill level 6 in Short Blades
  3431 | D:4      | Reached skill level 7 in Short Blades
  3431 | D:4      | Reached XP level 6. HP: 21/45 MP: 6/6
  3967 | D:4      | Reached skill level 8 in Short Blades
  4627 | D:4      | Found an iron altar of Okawaru.
  4709 | D:5      | Entered Level 5 of the Dungeon
  4711 | D:5      | Noticed Sigmund
  4713 | D:5      | Noticed Blork the orc
  4715 | D:5      | Found a glowing silver altar of Zin.
  4719 | D:5      | Killed Sigmund
  4720 | D:5      | Reached skill level 9 in Short Blades
  4720 | D:5      | Reached XP level 7. HP: 15/52 MP: 7/7
  4733 | D:5      | Killed Blork the orc
  4955 | D:5      | HP: 1/52 [acid (9)]
  4958 | D:5      | Reached skill level 10 in Short Blades
  4969 | D:5      | Slain by a kobold brigand

Illustrated notes

Levels and vault maps discovered:
D:1:      nicolae_arrival_memento_mori, layout_basic,
          chequers_ecumenical_altar_simple_redux, grunt_decor_cap,
          chequers_serial_rivers_micro_c, nicolae_grassy_gnolls
D:2:      layout_loops_corners, grunt_ministairs_8
D:3:      layout_basic
D:4:      layout_loops_ring, mainiacjoe_overflow_alcove_1, hex_large,
          minmay_strange_pillars
D:5:      layout_loops_ring, mainiacjoe_overflow_chevrons, st_stairs_12,
          grunt_ministairs_15, grunt_decor_junction, minivault_11,
          hangedman_decor_push, uniq_blork_the_orc, uniq_crazy_yiuf_cottage,
          uniq_sigmund

Skill      XL: |  1  2  3  4  5  6  7 |
---------------+----------------------+-----
Short Blades   | 4 5 7 9 10 | 10.0
Stealth        | 1 2 |  2.0
Fighting       | 3 |  3.0
Throwing       | |  2.0
Dodging        | |  4.0

Action                   |  1- 3 |  4- 6 |  7- 9 || total
-------------------------+-------+-------+-------++-------
Melee: Rapier            |   159 |   153 |    27 ||   339
       Punch             |     1 |     1 |     1 ||     3
Throw: Stone             |       |    21 |       ||    21
       Dart              |       |     5 |       ||     5
  Use: Scroll            |       |     7 |       ||     7
       Potion            |       |     1 |     3 ||     4
 Stab: Sleeping          |     1 |     7 |       ||     8
Armor: Ring mail         |    71 |    53 |     1 ||   125
Dodge: Dodged            |    96 |    90 |    22 ||   208
